Map: Merry Go Round LE

Players

Gracz

  • Race: Protoss Protoss
  • League: Bronze
  • Spawn Location: 1:00

Saiko

  • Race: Protoss Protoss
  • Spawn Location: 11:00

HAJPER

  • Race: Terran Terran
  • Spawn Location: 6:00

VOD

Have the link to the VOD?

Description

Time

  • Played on: Sept. 17, 2016, 4:13 p.m.
  • Length: 10:47
Show
View Real Time Build Order
Export as new Build Order

Gracz Protoss 

Build Orders:  

Get SALT Encoding   

  12  0:02  Probe (Chrono Boost)  
  13  0:16  Pylon  
  13  0:38  Gateway  
  13  0:40  Gateway  
  13  0:47  Probe (Chrono Boost)  
  14  0:53  Assimilator  
  14  0:58  Probe (Chrono Boost)  
  15  1:08  Probe (Chrono Boost)  
  16  1:19  Probe (Chrono Boost)  
  17  1:28  Zealot  
  17  1:29  Probe (Chrono Boost)  
  20  1:40  Probe (Chrono Boost)  
  20  1:41  Zealot  
  23  1:56  Pylon  
  23  2:14  Probe (Chrono Boost)  
  24  2:19  Cybernetics Core  
  24  2:25  Probe (Chrono Boost)  
  25  2:30  Nexus  
  25  2:35  Gateway, Probe (Chrono Boost)  
  26  2:43  Warp Gate  
  26  3:08  Stargate  
  26  3:15  Assimilator  
  26  3:18  Probe (Chrono Boost)  
  27  3:21  Assimilator  
  27  3:25  Assimilator  
  27  3:27  Pylon  
  27  3:30  Probe (Chrono Boost)  
  27  3:31  Pylon  
  29  3:42  Probe (Chrono Boost)  
  29  3:43  Probe (Chrono Boost)  
  30  3:54  Probe x2 (Chrono Boost)  
  32  4:04  Probe (Chrono Boost)  
  32  4:06  Probe (Chrono Boost)  
  34  4:15  Probe (Chrono Boost)  
  36  4:18  Probe (Chrono Boost)  
  36  4:25  Probe (Chrono Boost)  
  36  4:30  Stargate, Probe (Chrono Boost)  
  38  4:31  Stargate  
  38  4:36  Probe (Chrono Boost)  
  39  4:42  Probe (Chrono Boost), Twilight Council  
  40  4:46  Probe (Chrono Boost)  
  40  4:48  Pylon  
  40  4:51  Pylon  
  41  4:54  Probe (Chrono Boost)  
  41  4:55  Pylon  
  42  5:18  Gateway  
  42  5:19  Gateway  
  42  5:25  Probe (Chrono Boost)  
  42  5:26  Probe (Chrono Boost)  
  44  5:31  Zealot x2  
  44  5:32  Zealot  
  44  5:35  Probe (Chrono Boost)  
  51  5:38  Probe (Chrono Boost)  
  52  5:46  Mothership Core (Chrono Boost), Gateway  
  52  5:47  Gateway  
  54  5:56  Zealot x3  
  54  6:01  Void Ray  
  31  6:26  Stalker  
  31  6:27  Stalker x2  
  31  6:28  Stalker  
  21  6:55  Zealot  
  21  6:56  Zealot x3  
  21  6:59  Sentry x2  
  19  7:10  Stalker x2  
  18  7:35  Pylon  
  18  7:40  Pylon  
  18  7:43  Pylon  
  18  7:50  Pylon  
  18  8:03  Zealot x2  
  22  8:12  Zealot  
  24  8:17  Zealot  
  26  8:32  Zealot  
  26  8:33  Zealot  
  28  8:56  Pylon  
  28  8:59  Pylon  
  28  9:01  Pylon  
  28  9:06  Pylon  
  28  9:07  Pylon  
  28  9:22  Zealot  
  28  9:23  Zealot  
  32  9:28  Pylon  
  22  9:32  Zealot  
  22  9:37  Zealot  
  25  9:47  Zealot  
Show
View Real Time Build Order
Export as new Build Order

Saiko Protoss 

Build Orders:  

Get SALT Encoding   

  12  0:07  Probe (Chrono Boost)  
  13  0:17  Probe (Chrono Boost)  
  14  0:28  Probe (Chrono Boost)  
  15  1:00  Assimilator  
  15  1:04  Assimilator  
  15  1:58  Pylon  
  15  2:03  Pylon  
  15  2:16  Probe (Chrono Boost)  
  16  2:27  Probe (Chrono Boost)  
  17  2:32  Gateway  
  17  2:37  Probe (Chrono Boost)  
  18  2:46  Gateway  
  18  2:48  Probe (Chrono Boost)  
  19  2:52  Forge  
  19  2:57  Gateway  
  20  2:58  Probe (Chrono Boost)  
  20  3:09  Probe (Chrono Boost)  
  21  3:19  Probe (Chrono Boost)  
  22  3:26  Cybernetics Core  
  22  3:30  Probe (Chrono Boost)  
  23  3:40  Probe (Chrono Boost)  
  24  3:51  Probe (Chrono Boost)  
  25  4:01  Probe (Chrono Boost)  
  26  4:04  Stalker  
  26  4:06  Stalker  
  30  4:12  Probe (Chrono Boost)  
  31  4:20  Pylon  
  31  4:21  Pylon  
  31  4:27  Pylon  
  31  4:38  Stalker x3  
  31  4:39  Probe (Chrono Boost)  
  38  4:49  Probe (Chrono Boost)  
  39  5:04  Nexus  
  39  5:08  Stalker x2  
  43  5:22  Probe (Chrono Boost)  
  44  5:32  Probe (Chrono Boost)  
  44  5:35  Stargate  
  45  5:38  Stalker  
  47  5:43  Probe (Chrono Boost)  
  48  5:53  Probe (Chrono Boost)  
  48  5:54  Stargate  
  49  6:08  Stalker  
  51  6:40  Assimilator  
  51  6:44  Assimilator  
  51  6:48  Stalker  
  51  6:50  Stalker  
  55  7:06  Probe (Chrono Boost)  
  56  7:16  Probe (Chrono Boost)  
  56  7:18  Stalker  
  56  7:20  Stalker  
  61  7:24  Void Ray  
  61  7:27  Probe (Chrono Boost)  
  66  7:37  Probe (Chrono Boost)  
  67  7:48  Stalker, Probe (Chrono Boost)  
  70  8:09  Pylon  
  70  8:14  Pylon  
  70  8:21  Pylon  
  70  8:27  Stalker, Probe (Chrono Boost), Void Ray  
  70  8:32  Stalker, Void Ray  
  83  8:38  Probe (Chrono Boost)  
  84  8:43  Stalker  
  87  8:48  Probe (Chrono Boost)  
  87  8:57  Stalker  
  87  8:59  Probe (Chrono Boost)  
  87  9:02  Stalker  
  90  9:09  Probe (Chrono Boost)  
  93  9:20  Probe (Chrono Boost)  
  94  9:46  Nexus  
  94  10:43  Fleet Beacon  
Show
View Real Time Build Order
Export as new Build Order

HAJPER Terran 

Build Orders:  

Get SALT Encoding   

  12  0:03  SCV  
  13  0:25  Supply Depot  
  13  0:30  SCV  
  14  0:42  SCV  
  15  0:50  Barracks  
  16  0:57  SCV  
  16  1:08  Refinery  
  16  1:09  SCV  
  17  1:37  Orbital Command  
  17  1:46  Marine  
  18  2:01  Refinery  
  18  2:02  Barracks  
  18  2:04  Command Center  
  18  2:05  Barracks Reactor  
  18  2:06  Barracks  
  18  2:49  Marine x2  
  20  2:55  Barracks Tech Lab  
  20  2:56  Barracks Tech Lab  
  20  3:07  Marine x2  
  20  3:12  SCV  
  23  3:16  Supply Depot  
  23  3:19  Stimpack  
  23  3:23  SCV  
  23  3:24  SCV  
  23  3:25  Marine x2  
  27  3:35  SCV  
  28  3:43  Marine x2  
  28  3:44  Marauder  
  28  3:47  SCV, Marauder  
  35  3:59  SCV  
  36  4:03  Supply Depot  
  36  4:09  Marine x2  
  38  4:21  Refinery, SCV  
  39  4:27  Marine x2  
  41  4:33  SCV  
  41  4:34  Marine x2  
  44  4:45  Marine x2, SCV  
  47  4:48  Supply Depot  
  47  4:52  Marine  
  48  4:57  SCV x2  
  50  5:02  Marine  
  51  5:09  Marine, SCV x2  
  51  5:10  Marine x2  
  56  5:20  Marine  
  57  5:21  SCV  
  57  5:25  Factory  
  58  5:33  SCV  
  59  5:45  SCV  
  60  5:57  SCV  
  60  6:24  Starport  
  60  6:32  Marine, Marauder x2  
  64  6:33  Marine  
  60  6:50  Marine x2  
  60  6:53  Marauder x2  
  57  7:14  Marauder  
  57  7:15  Marauder  
  59  7:21  Medivac  
  54  7:24  Marine x2  
  54  7:28  Hellion  
  56  7:36  SCV, Marauder x2  
  61  7:40  Refinery  
  61  7:42  Marine x2  
  63  7:46  Concussive Shells  
  63  7:48  SCV  
  63  7:50  Hellion  
  66  7:51  Medivac  
  66  7:57  Marauder x2  
  72  8:00  Marine x2, SCV  
  75  8:11  Hellion  
  77  8:13  SCV  
  78  8:26  Marine, SCV  
  78  8:27  Marine  
  78  8:31  Marauder  
  78  8:32  Marauder  
  78  8:33  Supply Depot  
  78  8:35  Supply Depot  
  78  8:37  Supply Depot  
  78  8:44  Marine  
  78  8:45  Marine  
  80  8:49  Hellion  
  80  8:52  Marauder  
  80  8:53  Marauder  
  86  9:02  Marine x2  
  86  9:10  Hellion  
  86  9:13  Marine  
  86  9:14  Marine  
  90  9:20  Marine x2  
  90  9:31  Hellion, Marine  
  90  9:32  Marine  
  90  9:37  Marine  
  90  9:38  Marine  
  94  9:49  Marine  
  94  9:50  Marine  
  98  9:53  Hellion  
  96  10:07  Marine  
  96  10:08  Marine  
  98  10:15  Marine x2  
  100  10:24  Marine  
  100  10:25  Marine  
Tags
 
Add a new tag
Caveats
  • Supply blocks, unpowered buildings, or Contaminate may cause inaccurate times.
  • Supply counts are checked every 10 seconds.